 Dungeon Crawl Stone Soup version 0.22.1-1-ga44c0e56f4 (webtiles) character file.

58602 PikkenKukken the Warrior (level 14, -32/193 HPs)
             Began as an Ogre Transmuter on Nov 1, 2018.
             Was a High Priest of Okawaru.
             Killed from afar by a steam dragon (40 damage)
             ... with a ball of steam
             ... on level 11 of the Dungeon.
             The game lasted 01:06:33 (27428 turns).

PikkenKukken the Warrior (Ogre Transmuter)         Turns: 27428, Time: 01:06:34

Health: -32/193    AC:  6    Str: 22    XL:     14   Next: 91%
Magic:  20/22      EV: 18    Int: 19    God:    Okawaru [*****.]
Gold:   1997       SH:  0    Dex: 17    Spells: 11/24 levels left

rFire    x . .     SeeInvis +     - Unarmed
rCold    + + +     Gourm    .   (shield currently unavailable)
rNeg     . . .     Faith    .   (armour currently unavailable)
rPois    +         Spirit   .   (helmet currently unavailable)
rElec    .         Reflect  .   (cloak currently unavailable)
rCorr    .         Harm     .   (gloves unavailable)
MR       +....                  (boots unavailable)
Stlth    ++........             b - amulet of rage
HPRegen  0.42/turn              N - +5 ring of dexterity
MPRegen  0.18/turn              t - +4 ring of intelligence

@: mighty, ice-form (expiring)
A: large, unfitting armour, see invisible
a: End Transformation, Heroism, Finesse, Renounce Religion, Evoke Berserk Rage


You were on level 11 of the Dungeon.
You worshipped Okawaru.
Okawaru was extremely pleased with you.
You were not hungry.
You were a creature of crystalline ice.
You visited 4 branches of the dungeon, and saw 20 of its levels.

You collected 2247 gold pieces.
You spent 250 gold pieces at shops.

Inventory:

Missiles
 a - 146 arrows
 B - 16 large rocks (quivered)
Armour
 y - a scarf of resistance
 z - a +0 hat of magic resistance (melded)
 A - a +0 troll leather armour
 E - a +0 shield
 O - a +1 robe of cold resistance
 Q - a +2 robe of magic resistance (melded)
Jewellery
 b - an amulet of rage (around neck)
 s - an uncursed ring of magical power
 t - a +4 ring of intelligence (right front paw)
 D - an uncursed ring of poison resistance
 F - an uncursed ring of protection from fire
 N - a +5 ring of dexterity (left front paw)
Wands
 m - a wand of digging (20)
 u - a wand of flame (123)
 x - a wand of paralysis (13)
 G - a wand of acid (17)
Scrolls
 e - 4 scrolls of amnesia
 f - 6 scrolls of identify
 l - 5 scrolls of remove curse
 n - 5 scrolls of teleportation
 p - 2 scrolls of magic mapping
 I - 2 scrolls of fog
 M - 2 scrolls of enchant weapon
Potions
 c - 2 potions of curing
 g - a potion of cancellation
 h - 2 potions of mutation
 j - a potion of berserk rage
 k - 6 potions of flight
 q - 4 potions of magic
 r - a potion of lignification
 v - a potion of invisibility
 w - 2 potions of resistance
 L - a potion of agility
 R - a potion of degeneration {unknown}
Miscellaneous
 H - a box of beasts
 J - a phantom mirror
Comestibles
 d - 37 rations


   Skills:
 + Level 15.9 Fighting
 + Level 11.8 Dodging
 + Level 13.4 Unarmed Combat
 - Level 5.5 Spellcasting
 - Level 6.0 Transmutations
 - Level 6.0 Ice Magic
 - Level 1.6 Poison Magic
 - Level 5.0 Invocations


You had 11 spell levels left.
You knew the following spells:

 Your Spells              Type           Power        Failure   Level  Hunger
a - Beastly Appendage     Tmut           ####..       1%          1    None
b - Sticks to Snakes      Tmut           ####....     1%          2    None
c - Spider Form           Tmut/Pois      ###.......   8%          3    ##.....
d - Ice Form              Ice/Tmut       ####....     10%         4    ####...
e - Ozocubu's Armour      Chrm/Ice       ###.....     11%         3    ##.....

Your spell library contained the following spells:

 Spells                   Type           Power        Failure   Level  Hunger
 Freeze                   Ice            ####         1%          1    None
 Ensorcelled Hibernation  Hex/Ice        ###...       5%          2    None
 Throw Frost              Conj/Ice       ###...       5%          2    None
 Corona                   Hex            #......      12%         1    None
 Magic Dart               Conj           #...         12%         1    None
 Blink                    Tloc           N/A          19%         2    None
 Call Imp                 Summ           #.......     19%         2    None
 Slow                     Hex            #.......     19%         2    None
 Blade Hands              Tmut           ####......   26%         5    #####..
 Mephitic Cloud           Conj/Pois/Air  #.......     28%         3    ##.....
 Confuse                  Hex            #.......     34%         3    ##.....
 Conjure Flame            Conj/Fire      #.......     34%         3    ##.....
 Dazzling Spray           Conj/Hex       #.....       34%         3    ##.....
 Tukima's Dance           Hex            #.......     34%         3    ##.....
 Summon Ice Beast         Ice/Summ       ###.....     34%         4    ####...
 Throw Icicle             Conj/Ice       ###.....     34%         4    ####...


Dungeon Overview and Level Annotations

Branches:
Dungeon (11/15)            Temple (1/1) D:6            Lair (6/6) D:9
  Swamp (0/4) Lair:3        Snake (0/4) Lair:4        Slime (0/5) Lair:6
    Orc (2/2) D:10            Elf (0/3) Orc:2

Altars:
Ashenzari
Cheibriados
Dithmenos
Elyvilon
Fedhas
Gozag
Hepliaklqana
Kikubaaqudgha
Makhleb
Nemelex Xobeh
Okawaru
Qazlal
Ru
Sif Muna
Trog
Uskayaw
Vehumet
Wu Jian
Xom
Yredelemnul
Zin
The Shining One
Beogh

Shops:
D:4 *   D:8 *%%*   Orc:1 [   Orc:2 !?!(:


Innate Abilities, Weirdness & Mutations

You are too large for most types of armour.
((You have tough skin. (AC +1)))
((You have large cloven feet.))
You have supernaturally acute eyesight. (SInv)


Message History

The shadow imp is engulfed in a cloud of scalding steam.
The shadow imp dies!
You barely miss the steam dragon.
You are engulfed in a cloud of scalding steam.
* * * LOW HITPOINT WARNING * * *
The steam dragon misses you.
The steam dragon claws you but does no damage.
You punch the steam dragon! You freeze the steam dragon.
The steam dragon is moderately wounded.
Unknown command.
Okay, then.
Casting: Ice Form (safe; 10% risk of failure)
Confirm with . or Enter, or press ? or * to list all spells.
You create a snake!
You now have 146 arrows.
Your transformation is almost over.
The steam dragon barely misses you. The steam dragon claws you.
* * * LOW HITPOINT WARNING * * *
The steam dragon breathes steam at you. The ball of steam hits you!
The steam scalds you terribly!
You die...

.. #.... ###.###.)#
.......(a# #..###...# #+#
# #.5(# #.#
.##.###...########.####.#
..........|lc5..D.......#
!#.##..(.########.####.#
#.##..SY§D5c..# #.
#.########## #. #.# #.
#.# #. #.# #. #.# #. #.#
#.# #.#


You could see a steam dragon, a centaur, a crimson imp and a friendly ball
python.

Vanquished Creatures
  Rupert (Lair:4)
  Donald (Orc:2)
  An orc warlord (Orc:2)
  A stone giant (Orc:1)
  4 hydras
  Erica (D:9)
  2 ogre magi (Orc:2)
  A centaur warrior (D:11)
  Nergalle (Orc:2)
  Urug (Lair:2)
  Sonja (Orc:2)
  An orc knight (Orc:1)
  A necromancer (Lair:3)
  An ugly thing (D:11)
  9 orc sorcerers
  A cyclops (D:9)
  11 elephants
  2 black mambas
  A torpor snail (Lair:6)
  7 spiny frogs
  4 rime drakes
  7 komodo dragons
  A queen bee (Lair:3)
  6 polar bears (Lair:6)
  A meliai (D:11)
  4 trolls
  5 hornets (Lair:6)
  Prince Ribbit (D:6)
  12 blink frogs
  6 dream sheep (Lair:6)
  11 hippogriffs
  Sigmund (D:6)
  16 spriggans
  28 yaks
  2 basilisks
  Edmund (D:5)
  3 wargs (Orc:1)
  2 nagas (Lair:4)
  12 water moccasins
  14 orc warriors
  5 porcupines
  3 ice beasts
  A black bear (Lair:6)
  4 boggarts (Lair:6)
  5 sky beasts
  7 ogres
  2 phantoms
  3 elephant zombies (Lair:3)
  17 wolves
  4 centaurs
  5 crocodiles
  A big kobold (D:9)
  12 bullfrogs
  Blork the orc (D:6)
  2 scorpions
  30 killer bees
  3 electric eels (Lair:3)
  2 howler monkeys
  A crimson imp (D:9)
  3 centaur zombies
  A quasit (D:10)
  6 hounds
  3 jellies
  12 orc priests
  38 orc wizards
  An iguana (D:9)
  A bullfrog skeleton (D:4)
  7 worker ants
  2 crocodile zombies (Lair:3)
  A hound zombie (D:6)
  A howler monkey zombie (D:10)
  12 adders
  5 gnolls
  2 shadow imps
  An ooze (D:5)
  An adder skeleton (D:4)
  3 adder zombies
  4 worms
  A dart slug (D:1)
  3 leopard geckos
  62 orcs
  5 giant cockroaches
  3 goblins
  6 hobgoblins
  5 jackals
  6 quokkas
  3 ball pythons
  9 bats
  2 frilled lizards
  A jackal skeleton (D:6)
  12 kobolds
  A quokka skeleton (D:4)
  7 rats
524 creatures vanquished.

Vanquished Creatures (collateral kills)
  Gastronok (D:8)
  A two-headed ogre (D:8)
  Grum (D:8)
  A hungry ghost (D:9)
  A water moccasin (D:8)
  An ice beast (D:6)
  A crocodile (Lair:2)
  An electric eel (Lair:3)
  3 adders
  3 gnolls
  An orc (Orc:1)
  A bat (D:3)
16 creatures vanquished.

Vanquished Creatures (others)
  2 orc wizards (Orc:2)
  A shadow imp (D:11)
  10 fungi
  10 plants
23 creatures vanquished.

Grand Total: 563 creatures vanquished

Notes
Turn   | Place    | Note
-------+----------+-------------------------------------------
     0 | D:1      | PikkenKukken the Ogre Transmuter began the quest for the
                  | Orb.
     0 | D:1      | Reached XP level 1. HP: 19/19 MP: 3/3
   121 | D:1      | Reached skill level 2 in Fighting
   124 | D:1      | Reached XP level 2. HP: 14/28 MP: 3/5
   773 | D:1      | Reached skill level 3 in Fighting
   819 | D:2      | Learned a level 2 spell: Sticks to Snakes
   989 | D:2      | Reached XP level 3. HP: 31/37 MP: 3/6
  1018 | D:2      | Learned a level 3 spell: Spider Form
  1240 | D:2      | Found a faded altar of an unknown god.
  1678 | D:2      | Found a bloodstained altar of Trog.
  1976 | D:3      | Reached XP level 4. HP: 26/45 MP: 1/7
  2496 | D:3      | Reached XP level 5. HP: 14/53 MP: 3/8
  2888 | D:3      | Found a sacrificial altar of Ru.
  3296 | D:4      | Found Muinul Hese's General Store.
  3297 | D:4      | Noticed a phantom
  3303 | D:4      | Noticed an ogre
  3326 | D:4      | Killed an ogre
  3326 | D:4      | Reached skill level 1 in Poison Magic
  3326 | D:4      | Reached XP level 6. HP: 34/61 MP: 4/9
  3645 | D:4      | Killed a phantom
  3645 | D:4      | Reached skill level 5 in Transmutations
  4037 | D:4      | Bought a potion of curing for 33 gold pieces
  4037 | D:4      | Bought a scroll of identify for 22 gold pieces
  4100 | D:5      | Entered Level 5 of the Dungeon
  4374 | D:5      | Reached XP level 7. HP: 64/67 MP: 6/10
  4410 | D:5      | Learned a level 4 spell: Ice Form
  4807 | D:5      | Reached skill level 4 in Fighting
  4831 | D:5      | Noticed Edmund
  4857 | D:5      | Killed Edmund
  5495 | D:6      | Reached XP level 8. HP: 72/79 MP: 11/11
  5529 | D:6      | Reached skill level 5 in Fighting
  5535 | D:6      | Reached skill level 5 in Unarmed Combat
  5804 | D:6      | Noticed Blork the orc
  5818 | D:6      | Killed Blork the orc
  6079 | D:6      | Noticed Prince Ribbit
  6094 | D:6      | Killed Prince Ribbit
  6094 | D:6      | Reached skill level 6 in Fighting
  6100 | D:6      | Found a blossoming altar of Fedhas.
  6132 | D:6      | Found a burning altar of Makhleb.
  6135 | D:6      | Found a glowing golden altar of the Shining One.
  6144 | D:6      | Found an opulent altar of Gozag.
  6163 | D:6      | Found a basalt altar of Yredelemnul.
  6353 | D:6      | Noticed Sigmund
  6372 | D:6      | Killed Sigmund
  6372 | D:6      | Reached XP level 9. HP: 58/92 MP: 12/12
  6524 | D:6      | Found an ancient bone altar of Kikubaaqudgha.
  6606 | D:6      | Found a staircase to the Ecumenical Temple.
  6620 | Temple   | Entered the Ecumenical Temple
  6809 | D:6      | Found an iron altar of Okawaru.
  6824 | D:6      | Became a worshipper of Warmaster Okawaru
  6914 | D:6      | Reached skill level 7 in Fighting
  7619 | D:7      | Reached skill level 5 in Dodging
  8243 | D:7      | Reached * piety under Okawaru
  8458 | D:7      | Reached skill level 8 in Fighting
  8620 | D:8      | Reached XP level 10. HP: 83/104 MP: 16/16
  8851 | D:8      | Found Equ Wupn's General Store.
  8876 | D:8      | Reached ** piety under Okawaru
  9240 | D:8      | Noticed Gastronok
  9260 | D:8      | Killed Gastronok
  9260 | D:8      | Reached *** piety under Okawaru
  9260 | D:8      | Reached skill level 9 in Fighting
  9260 | D:8      | Reached skill level 5 in Spellcasting
  9381 | D:8      | Found Efunaiz's Food Shoppe.
  9394 | D:8      | Found Kuog's Food Emporium.
  9854 | D:8      | Noticed Grum
  9859 | D:8      | Noticed a two-headed ogre
  9904 | D:7      | Reached skill level 1 in Ice Magic
 10195 | D:8      | Found Peudafas's General Store.
 10204 | D:8      | Bought a potion of heal wounds for 65 gold pieces
 10266 | D:8      | Killed Grum
 10283 | D:8      | Killed a two-headed ogre
 10283 | D:8      | Reached **** piety under Okawaru
 10283 | D:8      | Reached XP level 11. HP: 98/117 MP: 18/19
 10509 | D:9      | Noticed a cyclops
 10536 | D:9      | Killed a cyclops
 10536 | D:9      | Received a gift from Okawaru
 10536 | D:9      | Reached skill level 10 in Fighting
 11385 | D:9      | Noticed Erica
 11407 | D:9      | Killed Erica
 11407 | D:9      | Reached ***** piety under Okawaru
 11407 | D:9      | Reached skill level 10 in Unarmed Combat
 11473 | D:9      | Found a staircase to the Lair.
 11624 | D:10     | Entered Level 10 of the Dungeon
 11889 | D:10     | Received a gift from Okawaru
 11911 | D:10     | Reached skill level 1 in Invocations
 12208 | D:10     | Found a staircase to the Orcish Mines.
 12602 | Lair:1   | Entered Level 1 of the Lair of Beasts
 13590 | Lair:2   | Noticed Urug
 13610 | Lair:2   | Killed Urug
 13610 | Lair:2   | Received a gift from Okawaru
 14251 | Lair:2   | Reached skill level 11 in Fighting
 14251 | Lair:2   | Reached XP level 12. HP: 130/130 MP: 15/20
 14452 | Lair:2   | Noticed a seven-headed hydra
 14458 | Lair:2   | Killed a seven-headed hydra
 14766 | Lair:2   | Received a gift from Okawaru
 15074 | Lair:3   | Found a staircase to the Swamp.
 15344 | Lair:3   | Received a gift from Okawaru
 15641 | Lair:3   | Reached skill level 5 in Ice Magic
 15643 | Lair:3   | Reached skill level 5 in Invocations
 15988 | Lair:3   | Reached skill level 12 in Fighting
 17021 | Lair:3   | Reached ****** piety under Okawaru
 17028 | Lair:3   | Received a gift from Okawaru
 17036 | Lair:3   | Reached XP level 13. HP: 141/141 MP: 9/21
 17047 | Lair:3   | Learned a level 3 spell: Ozocubu's Armour
 17701 | Lair:4   | Gained mutation: You have large cloven feet. [potion of
                  | mutation]
 17701 | Lair:4   | Gained mutation: You have supernaturally acute eyesight.
                  | (SInv) [potion of mutation]
 17771 | Lair:4   | Found a staircase to the Snake Pit.
 18135 | Lair:4   | Reached skill level 13 in Fighting
 19314 | Lair:5   | Noticed Rupert
 19347 | Lair:4   | Killed Rupert
 19347 | Lair:4   | Received a gift from Okawaru
 19759 | Lair:6   | Entered Level 6 of the Lair of Beasts
 19845 | Lair:6   | Reached skill level 10 in Dodging
 20200 | Lair:6   | Received a gift from Okawaru
 20200 | Lair:6   | Reached skill level 14 in Fighting
 21015 | Lair:6   | Found a staircase to the Slime Pits.
 21361 | Lair:6   | Reached XP level 14. HP: 157/157 MP: 18/22
 21812 | Lair:6   | Found the +8 Wrath of Trog {antimagic, *Rage}
 22463 | Orc:1    | Entered Level 1 of the Orcish Mines
 22677 | Orc:2    | Entered Level 2 of the Orcish Mines
 22682 | Orc:2    | Noticed a stone giant
 22719 | Orc:1    | Killed a stone giant
 22719 | Orc:1    | Reached skill level 15 in Fighting
 23383 | Orc:1    | Received a gift from Okawaru
 23430 | Orc:1    | Found Lunaenn's Antique Armour Shop.
 23562 | Orc:2    | Found Woociatt's Distillery.
 23580 | Orc:2    | Found a staircase to the Elven Halls.
 23633 | Orc:2    | Noticed Donald
 24260 | Orc:2    | Killed Donald
 24487 | Orc:2    | Noticed an orc warlord
 24994 | Orc:2    | Killed an orc warlord
 25606 | Orc:2    | Noticed Sonja
 25749 | Orc:2    | Killed Sonja
 25903 | Orc:2    | Paralysed by an orc sorcerer for 4 turns
 26383 | Orc:2    | Found Fucigawn's Book Shoppe.
 26410 | Orc:2    | Found a radiant altar of Vehumet.
 27007 | Orc:2    | Found an ancient bone altar of Kikubaaqudgha.
 27007 | Orc:2    | Noticed Nergalle
 27019 | Orc:2    | Killed Nergalle
 27027 | Orc:2    | Found Wuipseut's Distillery.
 27079 | Orc:2    | Found a roughly hewn altar of Beogh.
 27080 | Orc:2    | Found Bimolush's Magic Scroll Shoppe.
 27124 | Orc:2    | Found Lunurghi's Antique Weapon Emporium.
 27151 | Orc:2    | Bought a scroll of teleportation for 30 gold pieces
 27151 | Orc:2    | Bought a scroll of teleportation for 30 gold pieces
 27151 | Orc:2    | Bought a scroll of magic mapping for 35 gold pieces
 27151 | Orc:2    | Bought a scroll of magic mapping for 35 gold pieces
 27425 | D:11     | HP: 9/193 [steam dragon] (5)]
 27428 | D:11     | Killed from afar by a steam dragon

Skill      XL: |  1  2  3  4  5  6  7  8  9 10 11 12 13 14 |
---------------+-------------------------------------------+-----
Fighting       | 2 3 4 6 8 9 11 12 14 15 | 15.9
Unarmed Combat | 3 4 6 8 9 10 11 12 13 | 13.4
Transmutations | 2 3 4 5 6 |  6.0
Poison Magic   | 1 |  1.6
Dodging        | 2 3 4 5 6 7 9 10 11 | 11.8
Spellcasting   | 4 5 |  5.5
Ice Magic      | 1 4 6 |  6.0
Invocations    | 3 5 |  5.0

Action                   |  1- 3 |  4- 6 |  7- 9 | 10-12 | 13-15 || total
-------------------------+-------+-------+-------+-------+-------++-------
Melee: Unarmed           |   106 |   194 |   307 |   545 |   637 ||  1789
       Headbutt          |     5 |     2 |       |       |       ||     7
       Kick              |    13 |     2 |       |       |    17 ||    32
       Punch             |     4 |       |       |     4 |     1 ||     9
 Cast: Beastly Appendage |    20 |     8 |     1 |       |       ||    29
       Sticks to Snakes  |     6 |     7 |    26 |    33 |    37 ||   109
       Spider Form       |       |    12 |    34 |    32 |     6 ||    84
       Ice Form          |       |       |       |    22 |    55 ||    77
       Ozocubu's Armour  |       |       |       |       |     4 ||     4
Invok: Heroism           |       |       |       |     5 |    15 ||    20
       Finesse           |       |       |       |       |     2 ||     2
 Abil: End Transformatio |       |       |     1 |       |     1 ||     2
       Evoke Berserk Rag |       |       |       |     1 |     3 ||     4
Evoke: Wand              |       |       |       |       |     8 ||     8
  Use: Scroll            |     7 |     8 |     1 |     6 |     9 ||    31
       Potion            |       |     1 |     1 |       |     6 ||     8
 Stab: Distracted        |     1 |       |     2 |     2 |       ||     5
       Sleeping          |       |       |     1 |     3 |       ||     4
       Paralysed         |       |       |       |       |     1 ||     1
  Eat: Chunk             |     4 |    10 |    18 |    22 |    32 ||    86
       Ration            |       |       |       |     3 |     4 ||     7
Armor: Robe              |    37 |    28 |     6 |     8 |     8 ||    87
       Skin              |       |     6 |     8 |    52 |    82 ||   148
       Animal skin       |       |       |       |     7 |     5 ||    12
Dodge: Dodged            |    57 |   136 |   282 |   424 |   523 ||  1422
